 Dungeon Crawl Stone Soup version 0.32-a0-630-g46d191b0ed (webtiles) character file.

Game seed: 14127920420469994389

829 backslashecho the Grasshopper (level 7, -10/50 HPs)
             Began as a Gnoll Warper on Mar 7, 2024.
             Was a Follower of Hepliaklqana.
             Killed from afar by a steam dragon (17 damage)
             ... with a ball of steam
             ... on level 6 of the Dungeon.
             The game lasted 00:13:58 (6255 turns).

backslashecho the Grasshopper (Gnoll Warper)        Turns: 6255, Time: 00:13:58

Health: -10/50     AC:  6    Str: 11    XL:     7   Next: 97%
Magic:  15/15      EV: 13    Int: 15    God:    Hepliaklqana [*.....]
Gold:   294        SH:  0    Dex: 13    Spells: 9/17 levels left

rFire   . . .        a - +0 long sword (vamp)
rCold   . . .        (no shield)
rNeg    . . .        b - +0 leather armour
rPois   .            e - +1 helmet {Int+3}
rElec   .            (no cloak)
rCorr   .            o - +0 pair of gloves
SInv    .            (no boots)
Will    .....        (no amulet)
Stlth   ++           (no ring)
HPRegen 0.28/turn    (no ring)
MPRegen 0.14/turn

%: no passive effects
@: no status effects
A: reduced essence, fangs 1, strong nose, distributed training
a: Renounce Religion, Recall Ancestor, Ancestor Identity


You were on level 6 of the Dungeon.
You worshipped Hepliaklqana.
Hepliaklqana was aware of your devotion.
You visited 2 branches of the dungeon, and saw 7 of its levels.

You collected 294 gold pieces.

Inventory:

Hand Weapons
 a - a +0 vampiric long sword (weapon)
Missiles
 d - 7 darts of dispersal (quivered)
 s - 14 poisoned darts
Armour
 b - a +0 leather armour (worn)
 e - a +1 helmet of intelligence (worn)
 o - a +0 pair of gloves (worn)
Scrolls
 c - 2 scrolls of blinking
 f - 5 scrolls of noise
 g - 3 scrolls of teleportation
 h - a scroll of enchant armour
 m - 2 scrolls of amnesia
 n - a scroll of fear
 p - a scroll of poison
Potions
 i - a potion of brilliance
 j - 2 potions of cancellation
 l - a potion of haste
 r - a potion of attraction


   Skills:
 + Level 5.5 Fighting
 + Level 2.9 Short Blades
 + Level 5.5 Long Blades
 + Level 2.9 Axes
 + Level 2.9 Maces & Flails
 + Level 2.9 Polearms
 + Level 2.9 Staves
 + Level 2.9 Ranged Weapons
 + Level 4.0 Throwing
 + Level 4.0 Armour
 + Level 5.5 Dodging
 + Level 2.9 Stealth
 + Level 2.9 Shields
 + Level 2.9 Unarmed Combat
 + Level 5.8 Spellcasting
 + Level 2.3 Conjurations
 + Level 2.3 Hexes
 + Level 2.3 Summonings
 + Level 2.3 Necromancy
 + Level 6.0 Translocations
 + Level 2.3 Fire Magic
 + Level 2.3 Ice Magic
 + Level 2.3 Air Magic
 + Level 2.3 Earth Magic
 + Level 2.3 Alchemy
 + Level 3.2 Invocations
 + Level 2.9 Evocations
 + Level 2.6 Shapeshifting


You had 9 spell levels left.
You knew the following spells:

 Your Spells              Type           Power      Damage    Failure   Level
a - Manifold Assault      Tloc           22%        N/A       16%         4
b - Blink                 Tloc           44%        N/A       2%          2
c - Lesser Beckoning      Tloc           44%        N/A       2%          2

Your spell library contained the following spells:

 Spells                   Type           Power      Damage    Failure   Level
 Apportation              Tloc           44%        N/A       1%          1
 Teleport Other           Tloc           22%        N/A       4%          3
 Summon Small Mammal      Summ           44%        N/A       7%          1
 Jinxbite                 Hex            22%        N/A       11%         2
 Fugue of the Fallen      Necr           11%        N/A       22%         3
 Ozocubu's Armour         Ice            11%        N/A       22%         3
 Vhi's Electric Charge    Tloc/Air       34%        N/A       32%         4
 Alistair's Intoxication  Alch           7%         N/A       89%         5


Dungeon Overview and Level Annotations

Branches:
Dungeon (6/15)             Temple (1/1) D:4

Altars:
Ashenzari
Cheibriados
Dithmenos
Elyvilon
Fedhas
Gozag
Hepliaklqana
Kikubaaqudgha
Makhleb
Nemelex Xobeh
Okawaru
Qazlal
Ru
Trog
Uskayaw
Wu Jian
Xom
Yredelemnul
Zin
The Shining One

Shops:
D:5 :

Annotations:
D:2 Sigmund


Innate Abilities, Weirdness & Mutations

Your life essence is reduced to manifest your ancestor. (-10% HP)
You have very sharp teeth.
Your uncanny sense of smell can sniff out nearby items.
Your experience applies equally to all skills.


Message History

You closely miss the adder.
The adder is almost dead.
The adder bites you but does no damage.
Etuhoyge hits the adder!
The adder dies!
No target in view!
s - 14 poisoned darts (gained 5)
Okay, then.
You swap places.
You hear the quick rusting of a very distant drain.
You swap places.
Found a fuming inky potion.
A steam dragon comes into view.
You see here a fuming inky potion.
The steam dragon hisses angrily.
You hit the steam dragon but do no damage.
The steam dragon closely misses you. The steam dragon barely misses you.
You barely miss the steam dragon. The steam dragon breathes steam at you.
The ball of steam hits you!
Etuhoyge closely misses the steam dragon.
You take 12 damage, and have 38/50 hp.
MASSIVE DAMAGE!!
The steam dragon misses you.
The steam dragon claws you but does no damage.
Etuhoyge barely misses the steam dragon.
You closely miss the steam dragon. The steam dragon barely misses you.
The steam dragon claws you but does no damage.
Etuhoyge hits the steam dragon but does no damage.
You hit the steam dragon but do no damage.
The steam dragon breathes steam at you. The ball of steam misses you.
Etuhoyge hits the steam dragon.
The steam dragon bites you but does no damage.
The steam dragon barely misses you.
Etuhoyge barely misses the steam dragon.
You hit the steam dragon.
The steam dragon is lightly wounded.
The steam dragon breathes steam at you. The ball of steam hits you!!
Etuhoyge hits the steam dragon but does no damage.
You take 18 damage, and have 21/50 hp.
MASSIVE DAMAGE!!
The steam dragon barely misses you. The steam dragon claws you.
Etuhoyge hits the steam dragon.
You take 2 damage, and have 19/50 hp.
You closely miss the steam dragon.
The steam dragon is lightly wounded.
The steam dragon breathes steam at you. The ball of steam hits you!
* * * LOW HITPOINT WARNING * * *
Etuhoyge closely misses the steam dragon.
You take 15 damage, and have 4/50 hp.
MASSIVE DAMAGE!!
The steam dragon closely misses you.
The steam dragon claws you but does no damage.
Etuhoyge barely misses the steam dragon.
It was a potion of curing.
You feel better. The steam dragon bites you.
* * * LOW HITPOINT WARNING * * *
The steam dragon completely misses you.
Etuhoyge barely misses the steam dragon.
You regained 10 hp, and now have 14/50 hp.
You hit the steam dragon.
You feel better.
The steam dragon is moderately wounded.
The steam dragon barely misses you. x2
Etuhoyge hits the steam dragon but does no damage. x2
The steam dragon bites you!
* * * LOW HITPOINT WARNING * * *
The steam dragon claws you.
* * * LOW HITPOINT WARNING * * *
You take 6 damage, and have 8/50 hp.
You hit the steam dragon.
You feel better.
The steam dragon is moderately wounded.
Etuhoyge hits the steam dragon.
The steam dragon completely misses you. The steam dragon claws you.
* * * LOW HITPOINT WARNING * * *
You take 1 damage, and have 7/50 hp.
You hit the steam dragon.
You feel better.
The steam dragon is severely wounded.
The steam dragon barely misses you. The steam dragon claws you.
* * * LOW HITPOINT WARNING * * *
Etuhoyge closely misses the steam dragon.
You take 1 damage, and have 6/50 hp.
You hit the steam dragon but do no damage.
The steam dragon is heavily wounded.
Etuhoyge barely misses the steam dragon.
The steam dragon closely misses you. The steam dragon misses you.
You aren't carrying any items that you can evoke.
Unknown command.
Press: ? - help, v - describe, . - travel
Here: a steam dragon (heavily wounded, ally target)
The floor.
Okay, then.
Casting: Manifold Assault (quite dangerous; 16% risk of failure)
Confirm with . or Enter, or press ? or * to list all spells.
Okay, then.
Unknown command.
Okay, then.
Unknown command.
You completely miss the steam dragon.
The steam dragon is heavily wounded.
The steam dragon breathes steam at you. The ball of steam hits you!
You die...
Hepliaklqana delivers you to your ancestors.

.....# +......#
.....# #......#
.....####......#
........§......#
...............#
...........!...#
...............+
...............######
##########+##...@...#
∆ #.RD....# #.......#
#.......# #.......# ∆
#.......# #######...
#+### ... ..... ....


You could see the friendly Etuhoyge the ancestor and a steam dragon (catching
breath, ally target).

Vanquished Creatures
  A black bear (D:4)
  A centaur (D:4)
  A scorpion (D:5)
  A hound (D:5)
  2 orc priests
  3 iguanas
  2 orc wizards
  5 adders
  4 gnolls
  2 white imps (D:5)
  4 ufetubi
  2 ribbon worms
  7 dart slugs
  14 orcs
  3 bats
  6 endoplasms
  A giant cockroach (D:1)
  3 goblins
  4 hobgoblins
  2 jackals (D:1)
  3 kobolds
  3 quokkas
  7 ball pythons
  11 frilled lizards
  7 rats
99 creatures vanquished.

Vanquished Creatures (collateral kills)
  A bullfrog (D:6)
  A sleepcap (D:6)
  2 orc wizards (D:5)
  An adder (D:6)
  A white imp (D:6)
  An orc (D:6)
  An endoplasm (D:4)
8 creatures vanquished.

Vanquished Creatures (others)
  An orc wizard (D:5)
1 creature vanquished.

Grand Total: 108 creatures vanquished

Notes
Turn   | Place    | Note
-------+----------+-------------------------------------------
     0 | D:1      | backslashecho the Gnoll Warper began the quest for the Orb.
     0 | D:1      | Reached XP level 1. HP: 20/20 MP: 6/6
   188 | D:1      | Reached XP level 2. HP: 26/26 MP: 7/7
   199 | D:1      | Found a faded altar of an unknown god.
   205 | D:1      | Got Plato's Omnibus of Attendants
   776 | D:2      | Reached skill level 5 in Spellcasting
   776 | D:2      | Reached XP level 3. HP: 17/31 MP: 7/9
   951 | D:2      | Noticed Sigmund
  1033 | D:2      | Reached skill level 1 in Invocations
  1525 | D:3      | Reached skill level 1 in Short Blades
  1525 | D:3      | Reached skill level 1 in Axes
  1525 | D:3      | Reached skill level 1 in Maces & Flails
  1525 | D:3      | Reached skill level 1 in Polearms
  1525 | D:3      | Reached skill level 1 in Staves
  1525 | D:3      | Reached skill level 1 in Ranged Weapons
  1525 | D:3      | Reached skill level 1 in Stealth
  1525 | D:3      | Reached skill level 1 in Shields
  1525 | D:3      | Reached skill level 1 in Unarmed Combat
  1525 | D:3      | Reached skill level 1 in Evocations
  1630 | D:3      | Reached skill level 1 in Shapeshifting
  1630 | D:3      | Reached XP level 4. HP: 38/38 MP: 11/11
  1654 | D:3      | Reached skill level 1 in Conjurations
  1654 | D:3      | Reached skill level 1 in Hexes
  1654 | D:3      | Reached skill level 1 in Summonings
  1654 | D:3      | Reached skill level 1 in Necromancy
  1654 | D:3      | Reached skill level 1 in Fire Magic
  1654 | D:3      | Reached skill level 1 in Ice Magic
  1654 | D:3      | Reached skill level 1 in Air Magic
  1654 | D:3      | Reached skill level 1 in Earth Magic
  1654 | D:3      | Reached skill level 1 in Alchemy
  2438 | D:3      | Learned a level 4 spell: Manifold Assault
  2441 | D:3      | Learned a level 2 spell: Blink
  2444 | D:3      | Learned a level 2 spell: Lesser Beckoning
  2464 | D:4      | Found a staircase to the Ecumenical Temple.
  2475 | Temple   | Entered the Ecumenical Temple
  2484 | Temple   | Became a worshipper of Hepliaklqana the Forgotten
  2568 | D:4      | Noticed a centaur
  2585 | D:4      | Reached XP level 5. HP: 38/43 MP: 12/12
  2659 | D:4      | Killed a centaur
  2660 | D:4      | Reached XP level 6. HP: 28/50 MP: 14/14
  2994 | D:4      | Reached skill level 5 in Fighting
  2994 | D:4      | Reached skill level 5 in Long Blades
  2994 | D:4      | Reached skill level 5 in Dodging
  3000 | D:4      | Found a sacrificial altar of Ru.
  3644 | D:4      | Noticed a black bear
  3731 | D:4      | Found a sparkling altar of Nemelex Xobeh.
  3817 | D:4      | Reached * piety under Hepliaklqana
  3977 | D:4      | Killed a black bear
  4075 | D:5      | Entered Level 5 of the Dungeon
  4163 | D:5      | Reached XP level 7. HP: 31/50 MP: 15/15
  4475 | D:5      | Found Vetwie's Tremendous Tomes.
  4574 | D:5      | Found a blossoming altar of Fedhas.
  5694 | D:5      | Found an ornate altar of the Wu Jian Council.
  6069 | D:6      | Reached skill level 6 in Translocations
  6162 | D:6      | Identified a scroll of acquirement
  6162 | D:6      | Acquired a +1 helmet of intelligence
  6235 | D:6      | Noticed a steam dragon
  6255 | D:6      | Killed from afar by a steam dragon

Illustrated notes

Levels and vault maps discovered:
D:1:      amcnicky_arrival_double_pillar, layout_basic,
          shapermc_ecumenical_altar_rom_forum, nrook_mini_backslash
D:2:      layout_basic, st_stairs_14, uniq_sigmund
D:3:      minmay_spotlight, layout_loops_cross
D:4:      layout_basic, nicolae_ru_awakened_eye, kennysheep_mini_moat,
          temple_statues, st_stairs_1, chequers_serial_rivers_micro_a,
          minmay_lizard_king
D:5:      layout_layer_cave, nicolae_wu_jian_immortal_techniques,
          fedhas_altar_fruit_tree, nicolae_shop_i_like_big_books
D:6:      layout_gridville, gup_sewer_entry_glass
Temple:   eino_temple_scatter_basement

Skill      XL: |  1  2  3  4  5  6  7 |
---------------+----------------------+-----
Spellcasting   | 5 |  5.8
Invocations    | 1 2 3 |  3.2
Short Blades   | 1 2 |  2.9
Axes           | 1 2 |  2.9
Maces & Flails | 1 2 |  2.9
Polearms       | 1 2 |  2.9
Staves         | 1 2 |  2.9
Ranged Weapons | 1 2 |  2.9
Stealth        | 1 2 |  2.9
Shields        | 1 2 |  2.9
Unarmed Combat | 1 2 |  2.9
Evocations     | 1 2 |  2.9
Shapeshifting  | 1 2 |  2.6
Conjurations   | 1 2 |  2.3
Hexes          | 1 2 |  2.3
Summonings     | 1 2 |  2.3
Necromancy     | 1 2 |  2.3
Fire Magic     | 1 2 |  2.3
Ice Magic      | 1 2 |  2.3
Air Magic      | 1 2 |  2.3
Earth Magic    | 1 2 |  2.3
Alchemy        | 1 2 |  2.3
Throwing       | 3 4 |  4.0
Armour         | 3 4 |  4.0
Fighting       | 5 |  5.5
Long Blades    | 5 |  5.5
Dodging        | 5 |  5.5
Translocations | 6 |  6.0

Action                     |  1- 3 |  4- 6 |  7- 9 || total
---------------------------+-------+-------+-------++-------
  Melee: Falchion          |   112 |   185 |       ||   297
         Bite              |     9 |    19 |     6 ||    34
         Long sword        |       |    14 |    95 ||   109
   Cast: Lesser Beckoning  |       |       |     6 ||     6
    Use: Scroll            |       |     8 |     4 ||    12
         Potion            |       |     4 |     2 ||     6
   Stab: Sleeping          |     1 |     3 |       ||     4
         Distracted        |       |       |     1 ||     1
 Armour: Leather armour    |    79 |   141 |    79 ||   299
         Skin              |       |     3 |     3 ||     6
  Dodge: Dodged            |    89 |   161 |    84 ||   334

Table legend: (Time is in decaauts)
 A = Elapsed time spent in this place.
 B = Non-inter-level travel time spent in this place.
 C = Inter-level travel time spent in this place.
 D = Time resting spent in this place.
 E = Time spent auto-exploring this place.
 F = Levels seen in this place.
 G = Mean time per level.
                   A        B        C        D        E       F      G
               +--------+--------+--------+--------+--------+-----+--------+
         Total |   6294 |   5678 |    616 |    966 |   3468 |   7 |  899.1 |
       Dungeon |   6275 |   5676 |    599 |    966 |   3468 |   6 | 1045.8 |
        Temple |     18 |      1 |     17 |      0 |      0 |   1 |   18.0 |
               +--------+--------+--------+--------+--------+-----+--------+

Top non-repeatable levels by time:
     D:5: 1749 daAuts
     D:4: 1649 daAuts
     D:3: 1156 daAuts
     D:1: 707 daAuts
     D:2: 680 daAuts
     D:6: 332 daAuts
  Temple: 18 daAuts
